 Dungeon Crawl Stone Soup version 0.31-a0-150-g89dc3ad700 (webtiles) character file.

Game seed: 18250084068682732293

238 qw the Shooter (level 5, -2/48 HPs)
             Began as a Minotaur Hunter on June 8, 2023.
             Slain by a gnoll
             ... wielding a +0 halberd
              (4 damage)
             ... on level 4 of the Dungeon.
             The game lasted 00:00:49 (2223 turns).

qw the Shooter (Minotaur Hunter)                    Turns: 2223, Time: 00:00:50

Health: -2/48      AC:  7    Str: 16    XL:     5   Next: 78%
Magic:  4/4        EV: 11    Int:  6    God:
Gold:   187        SH:  0    Dex: 15    Spells: 4/4 levels left

rFire   . . .        Y - +0 shortbow
rCold   . . .        (shield currently unavailable)
rNeg    . . .        d - +0 ring mail
rPois   +            (helmet restricted)
rElec   .            (no cloak)
rCorr   .            a - +1 pair of gloves
SInv    .            (no boots)
Will    +....        j - amulet of regeneration
Stlth   +            e - ring of willpower
HPRegen 1.08/turn    i - ring of poison resistance
MPRegen 0.09/turn

%: no passive effects
@: about to teleport
A: horns 2, retaliatory headbutt
a: no special abilities


You were on level 4 of the Dungeon.
You visited 1 branch of the dungeon, and saw 4 of its levels.

You collected 187 gold pieces.


Innate Abilities, Weirdness & Mutations

You have a pair of horns on your head.
You reflexively headbutt those who attack you in melee.


   Skills:
 - Level 5.0 Fighting
 + Level 6.3 Ranged Weapons
 - Level 1.5 Armour
 - Level 2.1 Dodging
 - Level 0.7 Stealth


You had 4 spell levels left.
You didn't know any spells.
Your spell library was empty.

Inventory:

Hand Weapons
 Y - a +0 shortbow (weapon)
Armour
 a - a +1 pair of gloves (worn)
 d - a +0 ring mail (worn)
Jewellery
 e - a ring of willpower (left hand)
 i - a ring of poison resistance (right hand)
 j - an amulet of regeneration (around neck)
Scrolls
 f - a scroll of teleportation
 m - a scroll of identify
Potions
 g - a potion of invisibility {unknown}
 h - 2 potions of curing
 k - a potion of heal wounds {unknown}
 n - a potion of ambrosia {unknown}
 o - a potion of enlightenment {unknown}

Dungeon Overview and Level Annotations

Branches:
Dungeon (4/15)
 Temple: D:4-7

Altars:
Sif Muna

Shops:
D:3 =


Message History

The arrow hits the gnoll.
The gnoll is heavily wounded.
The gnoll barely misses you. The endoplasm freezes you.
You are frozen.
The gnoll barely misses you.
An orc comes into view. It is wielding a +0 mace.
The endoplasm freezes you.
You are frozen.
You shoot an arrow.
The arrow hits the gnoll but does no damage.
The gnoll closely misses you. The gnoll hits you but does no damage.
The endoplasm freezes you.
You are frozen.
You shoot an arrow. The arrow hits the gnoll.
The gnoll is moderately wounded.
The gnoll barely misses you.
The gnoll hits you from afar with a +0 spear.
The endoplasm hits you but does no damage.
An orc wizard comes into view. It is wielding a +0 dagger.
The gnoll hits you but does no damage.
You shoot an arrow. The arrow hits the gnoll.
The gnoll is heavily wounded.
The gnoll hits you from afar with a +0 spear.
The gnoll barely misses you.
The endoplasm hits you but does no damage.
You shoot an arrow.
The arrow hits the gnoll but does no damage.
The gnoll is heavily wounded.
The gnoll hits you from afar with a +0 halberd!
The gnoll hits you but does no damage. The gnoll closely misses you.
You furiously retaliate!
You headbutt the gnoll!
You kill the gnoll!
The endoplasm freezes you.
You are frozen.
2223 ||| READING 2 scrolls of teleportation.
As you read the scroll of teleportation, it crumbles to dust.
You feel strangely unstable.
The scorpion stings you but does no damage.
The gnoll hits you from afar with a +0 halberd.
You die... hg..

.g.. $.... .g...
####### ......
##....@###ยค.....
##.....sJoo......
#...<...gg..#8..
#........!.##
#............##
###..........#
##.........#
#...>.....#
...........#


You could see a scorpion, an orc wizard, 2 gnolls, an orc and an endoplasm.

Vanquished Creatures
  An ogre (D:3)
  Natasha (D:4)
  Robin (D:3)
  2 adders
  4 gnolls
  A worm (D:3)
  A dart slug (D:1)
  4 orcs (D:3)
  7 ball pythons
  6 endoplasms
  A giant cockroach (D:1)
  10 goblins
  6 hobgoblins
  3 quokkas
  2 bats
  6 kobolds
  5 rats
61 creatures vanquished.

Vanquished Creatures (others)
  2 goblins (D:3)
2 creatures vanquished.

Grand Total: 63 creatures vanquished

Notes
Turn   | Place    | Note
-------+----------+-------------------------------------------
     0 | D:1      | qw the Minotaur Hunter began the quest for the Orb.
     0 | D:1      | Reached XP level 1. HP: 18/18 MP: 0/0
     0 | D:1      | 0 ||| qw: Version: 0.2-a-120-gdf1a93b
     0 | D:1      | 0 ||| qw: Game counter: 3001
     0 | D:1      | 0 ||| qw: Always use a shield: true
     0 | D:1      | 0 ||| qw: God list: Okawaru
     0 | D:1      | 0 ||| qw: Allow faded altars: false
     0 | D:1      | 0 ||| qw: Do Orc after D:15 true
     0 | D:1      | 0 ||| qw: Do second Lair branch before Depths: true
     0 | D:1      | 0 ||| qw: Lair rune preference: random
     0 | D:1      | 0 ||| qw: Plans: Normal
     0 | D:1      | 0 ||| PLANNING D:1-11
    79 | D:1      | Reached XP level 2. HP: 25/25 MP: 1/1
   180 | D:1      | Reached skill level 5 in Ranged Weapons
   281 | D:1      | Found a faded altar of an unknown god.
   604 | D:1      | Reached skill level 3 in Fighting
   676 | D:1      | 676 ||| UPGRADING to amulet of regeneration.
   681 | D:1      | 681 ||| UPGRADING to ring of willpower.
   682 | D:1      | 682 ||| UPGRADING to ring of poison resistance.
   683 | D:1      | 683 ||| READING scroll labelled NYBLEI QOCEIP.
   684 | D:1      | 684 ||| READING 2 scrolls labelled BENUR FUETWIVO.
   687 | D:1      | 687 ||| DROPPING scroll of butterflies.
   955 | D:2      | Reached XP level 3. HP: 31/31 MP: 2/2
  1107 | D:2      | 1107 ||| READING scroll labelled MUIMENACZI.
  1108 | D:2      | 1108 ||| READING scroll labelled KOINEA PUMIUH.
  1109 | D:2      | 1109 ||| READING scroll labelled FYMUIR LAMORA ECANT.
  1110 | D:2      | 1110 ||| DRINKING 2 lumpy silvery potions.
  1111 | D:2      | 1111 ||| DROPPING potion of brilliance.
  1403 | D:3      | Found Guim's Jewellery Emporium.
  1418 | D:3      | 1418 ||| SHOPLISTING amulet of Coronation {Regen+ Dex+4}
                  | (590 gold, have 155).
  1418 | D:3      | 1418 ||| SHOPLISTING ring of fire (325 gold, have 155).
  1535 | D:3      | Reached skill level 6 in Ranged Weapons
  1535 | D:3      | Reached XP level 4. HP: 38/38 MP: 3/3
  1569 | D:3      | Found a shimmering blue altar of Sif Muna.
  1608 | D:3      | Noticed an ogre
  1615 | D:3      | Killed an ogre
  1616 | D:3      | Reached XP level 5. HP: 48/48 MP: 4/4
  1688 | D:3      | Noticed Robin
  1689 | D:3      | 1689 ||| Stepping ~*~*~tactically~*~*~ (outnumbered).
  1709 | D:3      | Killed Robin
  2062 | D:3      | 2062 ||| UPGRADING to +0 pair of gloves.
  2067 | D:3      | 2067 ||| UPGRADING to +0 ring mail.
  2077 | D:3      | 2077 ||| DROPPING +0 leather armour.
  2078 | D:3      | 2078 ||| READING scroll of enchant armour.
  2078 | D:3      | 2078 ||| ENCHANTING +0 pair of gloves.
  2079 | D:3      | 2079 ||| READING scroll labelled QIFRUT TOMYLO.
  2180 | D:3      | 2180 ||| DRINKING 3 white potions.
  2201 | D:4      | 2201 ||| PLANNING OSSUARY
  2206 | D:4      | Noticed Natasha
  2207 | D:4      | 2207 ||| Stepping ~*~*~tactically~*~*~ (outnumbered).
  2216 | D:4      | 2216 ||| Stepping ~*~*~tactically~*~*~ (outnumbered).
  2216 | D:4      | Killed Natasha
  2217 | D:4      | Reached skill level 1 in Armour
  2222 | D:4      | HP: 5/48 [gnoll/+0 halberd (9)]
  2222 | D:4      | HP: 1/48 [frozen (4)]
  2223 | D:4      | 2223 ||| READING 2 scrolls of teleportation.
  2223 | D:4      | Slain by a gnoll

Levels and vault maps discovered:
D:1:      mushboom_english_gardens, layout_loops_ring,
          shapermc_ecumenical_altar_hornbeckon
D:2:      layout_rooms
D:3:      layout_basic, mainiacjoe_overflow_alcove_4, serial_shops, shop,
          dk_noncrumbling_2, uniq_robin
D:4:      layout_rooms, jmf_multi_god_temple, enter_ossuary_1,
          chequers_serial_rivers_small_3, minmay_gold_behind_fungi,
          uniq_natasha, uniq_pikel

Skill      XL: |  1  2  3  4  5 |
---------------+----------------+-----
Ranged Weapons | 5 6 |  6.3
Fighting       | 3 5 |  5.0
Armour         | 1 |  1.5
Dodging        | |  2.1
Stealth        | |  0.7

Action                     |  1- 3 |  4- 6 || total
---------------------------+-------+-------++-------
   Fire: Shortbow          |   109 |    81 ||   190
    Use: Scroll            |     5 |     3 ||     8
         Potion            |     1 |     1 ||     2
 Armour: Leather armour    |     4 |     8 ||    12
         Ring mail         |       |    11 ||    11
  Dodge: Dodged            |    18 |    44 ||    62

Table legend:
 A = Non-vault XP
 B = Vault XP
 C = Vault XP percentage of total XP
 D = Non-vault monster count
 E = Vault monster count
 F = Vault count percentage of total count
                 A         B        C        D         E       F
            +---------+---------+-------+---------+---------+-------
      Total |     272 |      68 |  20.0 |      50 |      11 |  18.0
            +---------+---------+-------+---------+---------+-------
        D:1 |      31 |       0 |   0.0 |      18 |       0 |   0.0
        D:2 |      34 |       0 |   0.0 |      13 |       0 |   0.0
        D:3 |     194 |      32 |  14.2 |      18 |      10 |  35.7
        D:4 |      13 |      36 |  73.5 |       1 |       1 |  50.0
            +---------+---------+-------+---------+---------+-------
